 Dungeon Sprint DCSS version 0.21.2 (webtiles) character file.

10125 Fang the Severer (level 11, -7/80 HPs)
             Began as a Gargoyle Berserker on Sept 26, 2018.
             Was the Champion of Trog.
             Mangled by an orc knight
             ... wielding a +0 glaive
              (28 damage)
             ... in the Dungeon (Sprint IX: "|||||||||||||||||||||||||||||") on Sept 27, 2018.
             The game lasted 00:06:11 (2249 turns).

Fang the Severer (Gargoyle Berserker)               Turns: 2249, Time: 00:06:11

Health: -7/80      AC: 12    Str: 30    XL:     11   Next: 57%
Magic:  11/11      EV: 15    Int:  8    God:    Trog [******]
Gold:   660        SH:  0    Dex:  9    Spells: 10/10 levels left

rFire    + . .     SeeInvis .   m - +4 executioner's axe (freeze)
rCold    . . .     Gourm    .   (shield currently unavailable)
rNeg     + . .     Faith    .   v - +2 robe {rF+}
rPois    ∞         Spirit   .   (no helmet)
rElec    +         Reflect  .   (no cloak)
rCorr    .         Harm     .   (no gloves)
MR       .....     NoTele   +   (no boots)
Stlth    ++........             (no amulet)
HPRegen  0.23/turn              n - +3 ring of strength
MPRegen  0.12/turn              o - +3 ring of strength

@: berserk cooldown, slowed, very slow
A: negative energy resistance 1, electricity resistance, unbreathing,
petrification resistance, rot immunity, AC +8
a: Berserk, Trog's Hand, Brothers in Arms, Burn Spellbooks, Renounce Religion


You were in the Dungeon.
You worshipped Trog.
Trog was exalted by your worship.
You were very hungry.

You visited 1 branch You collected 660 gold pieces.

Inventory:

Hand Weapons
 a - a +0 hand axe
 m - a +4 executioner's axe of freezing (weapon)
 p - a +1 battleaxe of chopping
 t - a +7 antimagic battleaxe
Armour
 v - a +2 robe of fire resistance (worn)
Jewellery
 n - a +3 ring of strength (left hand)
 o - a +3 ring of strength (right hand)
Wands
 l - a wand of acid (10)
Scrolls
 i - 3 scrolls of blinking
 k - 5 scrolls of remove curse
 q - a scroll of identify
 r - 2 scrolls of enchant armour
 s - 2 scrolls of enchant weapon
Potions
 b - 2 potions of might
 d - 6 potions of curing
 e - 2 potions of heal wounds
 f - a potion of haste
 g - 5 potions of magic
 h - 3 potions of berserk rage
 j - a potion of invisibility
Comestibles
 c - 11 rations


   Skills:
 + Level 14.9 Fighting
 + Level 18.2 Axes
 + Level 9.7 Armour
 + Level 7.9 Dodging
 + Level 4.1 Stealth


You had 10 spell levels left.
You didn't know any spells.

Dungeon Overview and Level Annotations

Branches:
Dungeon (1/1)

Altars:
Cheibriados
Dithmenos
Elyvilon
Fedhas
Gozag
Hepliaklqana
Kikubaaqudgha
Makhleb
Nemelex Xobeh
Okawaru
Qazlal
Ru
Sif Muna
Trog
Uskayaw
Vehumet
Wu Jian
Xom
Yredelemnul
Zin
The Shining One
Beogh
Jiyva
Lugonu


Innate Abilities, Weirdness & Mutations

You are resistant to torment.
Your stone body is resilient. (AC +8)
You are immune to poison.
You resist negative energy. (rN+)
You are resistant to electric shocks. (rElec)
You can survive without breathing.
You are immune to petrification.
You are immune to rotting.


Message History

You feel yourself slow down.
The orc high priest shouts!
You hear a shout!
Your troll rages.
The orc knight hits you with a glaive!!
Items here: $ )) [[ †† You barely miss the orc knight.
The orc high priest prays to Beogh.
The orc knight barely misses you.
Unknown command.
You slice the orc knight!! You freeze the orc knight.
The orc knight is heavily wounded.
Your troll rages.
The orc knight misses you.
Unknown command.
You slash the orc knight! You freeze the orc knight.
The orc knight is heavily wounded.
The orc knight hits you with a glaive!
* * * LOW HITPOINT WARNING * * *
The orc knight hits you with a glaive!!
You die...

▓.▓.▓.▓_▓
▓o▓.▓.▓.▓_▓
▓o▓.▓.▓.▓_▓
▓.▓.▓÷▓.▓_▓
▓3▓.▓÷▓.▓_▓
▓o▓.▓†▓.▓_▓
▓o▓.▓'▓.▓_▓
▓o▓.▓.▓.▓_▓
▓@▓.▓.▓.▓_▓
▓T▓.▓.▓.▓_▓
▓'▓.▓.▓.▓_▓
▓.▓.▓.▓.▓_▓
▓.▓.▓.▓.▓_▓
▓.▓.▓.▓.▓_▓
▓.▓.▓.▓.▓_▓
▓.▓.▓÷▓.▓_▓
▓.▓.▓÷▓.▓_▓


You could see an orc knight, an orc high priest, a sun demon, 3 orc warriors and
a friendly troll (berserk).

Vanquished Creatures
  Erica (D)
  A hydra (D)
  A two-headed ogre (D)
  A centaur warrior (D)
  A death yak (D)
  An unseen horror (D)
  3 orc knights (D)
  An orc sorcerer (D)
  6 spiny frogs (D)
  A gargoyle (D)
  A tyrant leech (D)
  2 blink frogs (D)
  4 yaks (D)
  A vampire mosquito (D)
  2 porcupines (D)
  An orc warrior (D)
  An ice beast (D)
  3 crocodiles (D)
  A bullfrog (D)
  A howler monkey (D)
  A jelly (D)
  2 orc wizards (D)
  An adder (D)
  A worm (D)
  A dart slug (D)
  2 leopard geckos (D)
  2 orcs (D)
  A bat (D)
  2 bat skeletons (D)
  A goblin (D)
  A quokka (D)
  A frilled lizard (D)
  A giant cockroach zombie (D)
  A kobold (D)
52 creatures vanquished.

Vanquished Creatures (collateral kills)
  An orc sorcerer (D)
  A rime drake (D)
  A blink frog (D)
  A basilisk (D)
  A yak (D)
  A vampire mosquito (D)
  A water moccasin (D)
  2 orc priests (D)
  An orc wizard (D)
  4 orcs (D)
14 creatures vanquished.

Vanquished Creatures (others)
  A spatial maelstrom (D)
1 creature vanquished.

Grand Total: 67 creatures vanquished

Notes
Turn   | Place    | Note
-------+----------+-------------------------------------------
     0 | D        | Fang the Gargoyle Berserker began the quest for the Orb.
     0 | D        | Reached XP level 1. HP: 14/14 MP: 1/1
     5 | D        | Reached skill level 3 in Axes
     5 | D        | Banished a spatial maelstrom
    10 | D        | Reached ** piety under Trog
    13 | D        | Reached XP level 2. HP: 10/20 MP: 2/2
   180 | D        | Noticed a howler monkey
   183 | D        | Killed a howler monkey
   183 | D        | Reached skill level 5 in Fighting
   183 | D        | Reached skill level 4 in Axes
   183 | D        | Reached XP level 3. HP: 26/26 MP: 3/3
   184 | D        | Reached *** piety under Trog
   184 | D        | Reached skill level 5 in Axes
   199 | D        | Reached XP level 4. HP: 7/32 MP: 4/4
   450 | D        | Found a roughly hewn altar of Beogh.
   450 | D        | Found a snail-covered altar of Cheibriados.
   450 | D        | Found a shadowy altar of Dithmenos.
   450 | D        | Found a white marble altar of Elyvilon.
   450 | D        | Found a blossoming altar of Fedhas.
   450 | D        | Found an opulent altar of Gozag.
   451 | D        | Found a hazy altar of Hepliaklqana.
   452 | D        | Found a viscous altar of Jiyva.
   453 | D        | Found an ancient bone altar of Kikubaaqudgha.
   454 | D        | Found a corrupted altar of Lugonu.
   455 | D        | Found a burning altar of Makhleb.
   456 | D        | Found a sparkling altar of Nemelex Xobeh.
   457 | D        | Found an iron altar of Okawaru.
   458 | D        | Found a stormy altar of Qazlal.
   459 | D        | Found a sacrificial altar of Ru.
   460 | D        | Found a deep blue altar of Sif Muna.
   461 | D        | Found a bloodstained altar of Trog.
   462 | D        | Found a hide-covered altar of Uskayaw.
   463 | D        | Found a radiant altar of Vehumet.
   464 | D        | Found an ornate altar of the Wu Jian Council.
   465 | D        | Found a shimmering altar of Xom.
   466 | D        | Found a basalt altar of Yredelemnul.
   467 | D        | Found a glowing silver altar of Zin.
   468 | D        | Found a glowing golden altar of the Shining One.
   496 | D        | Noticed an ice beast
   497 | D        | Reached **** piety under Trog
   505 | D        | Reached skill level 6 in Axes
   508 | D        | Killed an ice beast
   508 | D        | Reached ***** piety under Trog
   508 | D        | Reached skill level 7 in Axes
   508 | D        | Reached XP level 5. HP: 38/38 MP: 5/5
   578 | D        | Noticed a yak
   578 | D        | Noticed a two-headed ogre
   578 | D        | Noticed a centaur warrior
   578 | D        | Noticed a yak
   578 | D        | Noticed a gargoyle
   585 | D        | Killed a gargoyle
   585 | D        | Reached skill level 10 in Axes
   585 | D        | Reached skill level 5 in Armour
   585 | D        | Reached skill level 1 in Stealth
   585 | D        | Reached XP level 6. HP: 23/45 MP: 6/6
   585 | D        | Reached XP level 7. HP: 26/50 MP: 7/7
   589 | D        | Killed a yak
   592 | D        | Killed a centaur warrior
   592 | D        | Reached skill level 10 in Fighting
   592 | D        | Reached skill level 12 in Axes
   592 | D        | Reached skill level 5 in Dodging
   592 | D        | Reached XP level 8. HP: 20/58 MP: 8/8
   595 | D        | Killed a two-headed ogre
   595 | D        | Reached skill level 13 in Axes
   595 | D        | Reached XP level 9. HP: 20/63 MP: 9/9
   598 | D        | Killed an unseen horror
   598 | D        | Reached skill level 14 in Axes
   979 | D        | Noticed a spiny frog
   979 | D        | Noticed a spiny frog
   979 | D        | Noticed a six-headed hydra
   984 | D        | Killed a ten-headed hydra
   984 | D        | Reached skill level 15 in Axes
   985 | D        | Reached ****** piety under Trog
   985 | D        | Reached XP level 10. HP: 71/71 MP: 10/10
   991 | D        | Killed a spiny frog
   991 | D        | Received a gift from Trog
   998 | D        | Killed a spiny frog
  1009 | D        | Reached skill level 16 in Axes
  1303 | D        | Noticed a death yak
  1303 | D        | Noticed a spiny frog
  1314 | D        | Noticed a spiny frog
  1320 | D        | Killed a spiny frog
  1324 | D        | Killed a death yak
  1324 | D        | Received a gift from Trog
  1343 | D        | Killed a spiny frog
  1525 | D        | Noticed a spiny frog
  1525 | D        | Noticed a spiny frog
  1532 | D        | Killed a spiny frog
  1532 | D        | Reached skill level 17 in Axes
  1533 | D        | Killed a spiny frog
  1533 | D        | Received a gift from Trog
  1533 | D        | Reached XP level 11. HP: 78/78 MP: 3/11
  1783 | D        | Noticed Erica
  1800 | D        | Killed Erica
  1883 | D        | Noticed an orc knight
  1883 | D        | Noticed an orc knight
  1885 | D        | Received a gift from Trog
  1891 | D        | Killed an orc knight
  1896 | D        | Noticed an orc sorcerer
  1899 | D        | Killed an orc knight
  1903 | D        | HP: 1/80 [orc priest/divine providence (11)]
  1909 | D        | Killed an orc sorcerer
  1909 | D        | Received a gift from Trog
  1912 | D        | Reached skill level 18 in Axes
  1927 | D        | Received a gift from Trog
  2229 | D        | Noticed an orc knight
  2229 | D        | Noticed an orc knight
  2229 | D        | Noticed an orc sorcerer
  2233 | D        | Killed an orc sorcerer
  2244 | D        | Killed an orc knight
  2246 | D        | Noticed an orc high priest
  2248 | D        | Noticed a sun demon
  2249 | D        | Mangled by an orc knight

Skill      XL: |  1  2  3  4  5  6  7  8  9 10 11 |
---------------+----------------------------------+-----
Axes           | 3 4 5 7 10 12 13 15 17 18 | 18.2
Fighting       | 4 5 7 8 10 11 13 14 | 14.9
Armour         | 3 4 5 6 7 9 |  9.7
Dodging        | 2 3 4 5 6 7 |  7.9
Stealth        | 1 2 3 4 |  4.1

Action                   |  1- 3 |  4- 6 |  7- 9 | 10-12 || total
-------------------------+-------+-------+-------+-------++-------
Melee: Hand axe          |    25 |     7 |       |       ||    32
       Broad axe         |       |    15 |    23 |    50 ||    88
       Battleaxe         |       |       |       |    50 ||    50
       Executioner's axe |       |       |       |    15 ||    15
Invok: Berserk           |     1 |     2 |     1 |     4 ||     8
       Brothers in Arms  |       |       |       |     4 ||     4
  Use: Potion            |       |       |       |     1 ||     1
  Eat: Chunk             |       |     1 |     1 |     9 ||    11
Armor: Animal skin       |     4 |     5 |       |       ||     9
       Ring mail         |       |       |    14 |    15 ||    29
       Robe              |       |       |       |     2 ||     2
Dodge: Dodged            |     8 |    20 |    13 |    39 ||    80
